 Dungeon Crawl Stone Soup version 0.32-a0-699-g1ee5eff69a (webtiles) character file.

Game seed: 3383929861028828473

4 croobank the Sneak (level 1, -2/12 HPs)
             Began as a Felid Delver on Mar 13, 2024.
             Slain by an orc
             ... wielding a +0 short sword
              (4 damage)
             ... on level 5 of the Dungeon.
             The game lasted 00:01:44 (144 turns).

croobank the Sneak (Felid Delver)                    Turns: 144, Time: 00:01:44

Health: -2/12      AC:  1    Str: 14    XL:     1   Next: 50%
Magic:  2/2        EV: 16    Int: 13    God:
Gold:   15         SH:  0    Dex: 17    Spells: 0/0 levels left
                                        Lives:  0   Deaths: 1

rFire   . .          .
                       - Unarmed
rCold   . . .        (shield unavailable)
rNeg    . . .        (body armour unavailable)
rPois   .            (helmet unavailable)
rElec   .            (cloak unavailable)
rCorr   .            (gloves unavailable)
SInv    +            (boots unavailable)
Will    .....        (no amulet)
Stlth   ++++         g - +6 ring of strength
HPRegen 0.22/turn    (no ring)
MPRegen 0.08/turn

%: no passive effects
@: no status effects
A: very small, claws 1, fangs 3, see invisible, shaggy fur 1, stealthy paws, no
weapons or thrown items, no armour, multi-lived
a: no special abilities


You were on level 5 of the Dungeon.
You visited 1 branch of the dungeon, and saw 2 of its levels.

You collected 15 gold pieces.

Inventory:

Jewellery
 g - a +6 ring of strength (left paw)
Wands
 e - a wand of digging (3)
Scrolls
 a - a scroll of fog
Potions
 d - a potion of haste
 f - a potion of berserk rage {unknown}
 h - 2 potions of heal wounds {unknown}


   Skills:
 - Level 3.0 Fighting
 - Level 2.6 Dodging
 + Level 6.9 Stealth
 - Level 2.0 Unarmed Combat


You couldn't memorise any spells.
You didn't know any spells.
Your spell library was empty.

Dungeon Overview and Level Annotations

Branches:
Dungeon (6/15)             Temple (0/1) D:6

Altars:
Zin

Annotations:
D:6 Sigmund


Innate Abilities, Weirdness & Mutations

You have sharp claws.
You have razor-sharp teeth.
You have supernaturally acute eyesight. (SInv)
You are covered in fur. (AC +1)
Your paws help you pounce on unaware monsters.
You are incapable of wielding weapons or throwing items.
You cannot wear armour.
You gain extra lives every three experience levels.


Message History

The orc moves out of view.
The orc barely misses you. The orc misses you.
You closely miss the orc. The orc misses you.
You scratch the orc.
The orc is severely wounded.
The orc hits you with a +0 whip. The orc completely misses you.
The orc shouts!
You scratch the orc.
You kill the orc!
You hear a shout! x2
The orc misses you. The orc misses you.
Things that are here:
a +0 trident; an orc corpse
There is an open door here.
The orc attacks as it pursues you! The orc closely misses you.
The orc attacks as it pursues you! The orc closely misses you.
There is a stone staircase leading down here.
The orc closely misses you.
You climb downwards.
You hear the hiss of flowing sand.
There is an entrance to an ossuary on this level.
Hurry and find it before the portal is buried!
Level annotation: Sigmund You hear the slow hiss of a very distant avalanche of sand.
There is a stone staircase leading up here.
You scratch the orc.
The orc is lightly wounded.
The orc barely misses you.
You scratch the orc.
You kill the orc!
You start resting.
HP restored.
You climb upwards.
The orc misses you.
The orc hits you with a +0 short sword. x2
* * * LOW HITPOINT WARNING * * *
There is a stone staircase leading down here.
You scratch the orc.
The orc is heavily wounded.
The orc hits you with a +0 short sword.
You die...

##################
#................#
#................#
#...............>#
#................#
#.......o........#
#.......@........#
#.......o........#
#######....##.........#
##....##....##.........#
#.....#.....############
#.....'.....#
#....)#.....# .
#.....#.....# ..
#.....#.....# ...


You could see 2 orcs.

Vanquished Creatures
  2 orcs
2 creatures vanquished.

Notes
Turn   | Place    | Note
-------+----------+-------------------------------------------
     0 | D:5      | croobank the Felid Delver began the quest for the Orb.
     0 | D:5      | Reached XP level 1. HP: 12/12 MP: 2/2
    30 | D:6      | Noticed a black bear
    32 | D:6      | Found a glowing silver altar of Zin.
    37 | D:6      | Mangled by a black bear
    37 | D:6      | Lost a life (0 lives remaining)
    47 | D:6      | Noticed Sigmund
    57 | D:6      | Noticed an orc wizard
    57 | D:6      | Noticed an ogre
    57 | D:6      | Noticed an orc wizard
    57 | D:6      | Noticed an orc wizard
   118 | D:5      | Noticed an orc priest
   144 | D:5      | Slain by an orc

Illustrated notes

Levels and vault maps discovered:
D:5:      layout_gridville, general_overflow_altar, evilmike_ruin_ashenzari
D:6:      layout_loops_cross, mainiacjoe_overflow_brackets,
          minmay_temple_entry_gardened_gates, enter_ossuary_5, serial_rivers,
          chequers_serial_rivers_marsh, chequers_serial_rivers_small_b,
          chequers_serial_rivers_room_b, chequers_serial_rivers_room_b,
          chequers_serial_rivers_micro_a, corexii_checkpoint,
          chequers_serial_rivers_micro_d, minmay_misc_feat_diagonals,
          uniq_sigmund

Action                     || total
---------------------------++-------
  Melee: Unarmed           ||    17
         Bite              ||     1
    Use: Scroll            ||     2
   Stab: Sleeping          ||     1
 Armour: Skin              ||     8
  Dodge: Dodged            ||    23

Table legend: (Time is in decaauts)
 A = Elapsed time spent in this place.
 B = Non-inter-level travel time spent in this place.
 C = Inter-level travel time spent in this place.
 D = Time resting spent in this place.
 E = Time spent auto-exploring this place.
 F = Levels seen in this place.
 G = Mean time per level.
                   A        B        C        D        E       F      G
               +--------+--------+--------+--------+--------+-----+--------+
         Total |    143 |    143 |      0 |      3 |     31 |   2 |   71.5 |
       Dungeon |    143 |    143 |      0 |      3 |     31 |   2 |   71.5 |
               +--------+--------+--------+--------+--------+-----+--------+

Top non-repeatable levels by time:
     D:5: 93 daAuts
     D:6: 50 daAuts
